 Dungeon Crawl Stone Soup version 0.30.1-9-gdf580d7c3d (webtiles) character file.

Game seed: 573715986682899590

24 fireball365 the Trooper (level 3, -5/33 HPs)
             Began as a Hill Orc Fighter on Oct 8, 2023.
             Slain by a gnoll
             ... wielding a +0 flail
              (10 damage)
             ... on level 1 of the Dungeon.
             The game lasted 00:02:14 (766 turns).

fireball365 the Trooper (Hill Orc Fighter)           Turns: 766, Time: 00:02:16

Health: -5/33      AC: 13    Str: 20    XL:     3   Next: 2%
Magic:  3/3        EV:  9    Int:  8    God:
Gold:   22         SH:  4    Dex: 10    Spells: 2/2 levels left

rFire   . . .        a - +0 war axe
rCold   . . .        c - +0 buckler
rNeg    . . .        b - +0 scale mail
rPois   .            (no helmet)
rElec   .            (no cloak)
rCorr   .            (no gloves)
SInv    .            f - +1 pair of boots
Will    .....        (no amulet) Stlth
                     j - +4 ring of protection
HPRegen 0.25/turn    (no ring)
MPRegen 0.08/turn

%: no passive effects
@: no status effects
A: no striking features
a: no special abilities


You were on level 1 of the Dungeon.
You visited 1 branch of the dungeon, and saw 2 of its levels.

You collected 22 gold pieces.

Inventory:

Hand Weapons
 a - a +0 war axe (weapon)
Armour
 b - a +0 scale mail (worn)
 c - a +0 buckler (worn)
 f - a +1 pair of boots (worn)
Jewellery
 j - a +4 ring of protection (left hand)
Potions
 d - a potion of might
 e - a potion of degeneration {unknown}


   Skills:
 + Level 4.1 Fighting
 + Level 3.1 Axes
 + Level 3.5 Armour
 + Level 3.6 Shields


You had 2 spell levels left.
You didn't know any spells.
Your spell library contained the following spells:

 Spells                   Type           Power      Damage    Failure   Level
 Momentum Strike          Conj/Tloc      0%         3d8       92%         2
 Searing Ray              Conj           0%         2d4       92%         2
 Ozocubu's Armour         Ice            0%         N/A       99%         3
 Metabolic Englaciation   Hex/Ice        0%         N/A       100%        5
 Simulacrum               Ice/Necr       0%         N/A       100%        6
 Orb of Destruction       Conj           0%         9d5       100%        7


Dungeon Overview and Level Annotations

Branches:
Dungeon (2/15)

Altars:


Message History

You have reached level 3!
Your experience leads to an increase in your attributes!
Increase (S)trength, (I)ntelligence, or (D)exterity?
You feel stronger. x2
You hit the gnoll but do no damage. You closely miss the bat.
You hit the gnoll but do no damage. The bat hits you.
The gnoll barely misses you. The gnoll hits you but does no damage.
The bat hits you but does no damage. The gnoll hits you with a +0 club.
The gnoll hits you but does no damage. The gnoll hits you with a +0 flail!
You see here a frilled lizard corpse.
You barely miss the gnoll. x2; You hit the gnoll.
The bat hits you but does no damage. You block the bat's attack.
The gnoll hits you with a +0 spear.
The gnoll hits you but does no damage. x2
The gnoll barely misses you. The gnoll hits you but does no damage.
A kobold comes into view. It is wielding a +0 whip.
The gnoll hits you with a +0 club.
The kobold shouts!
You slash the gnoll!
The gnoll is heavily wounded.
You barely miss the gnoll. You miss the bat. You barely miss the gnoll.
The bat hits you but does no damage. The gnoll hits you but does no damage.
You block the gnoll's attack. The gnoll barely misses you.
The gnoll attacks as you move away! The gnoll hits you but does no damage.
The bat closely misses you. The gnoll completely misses you.
The gnoll hits you from afar with a +0 spear.
The gnoll hits you but does no damage.
There is a stone staircase leading up here.
The bat hits you but does no damage. The gnoll hits you but does no damage.
You block the gnoll's attack.
The gnoll hits you from afar with a +0 spear.
You climb upwards.
There is a stone staircase leading down here.
You hit the gnoll but do no damage. You barely miss the gnoll.
The gnoll hits you with a +0 club.
* * * LOW HITPOINT WARNING * * *
The gnoll closely misses you. The gnoll hits you with a +0 club.
* * * LOW HITPOINT WARNING * * *
The gnoll hits you with a +0 flail!
You die...

.'#..##.######.#...##+...# ###..
..##.##.#......###.##....####...#
...#....#.######...#.....##..)###
...######.....#..###.....#..### #
.....##...###.#.##.......#.## #
.♣....'####...##'....♣.....# #
.......)###+###..........###
...............g.........#
##############..@g.......#
...........)##.#†#######.#
.##.#.#####....#...# #.## ......#
########.# #..# ##.#### #.##
##.## ...# #..#####..# ####
##...†.##.# #####..#.# ##...#


You could see 2 gnolls.

Vanquished Creatures
  2 ball pythons
  An endoplasm (D:1)
  4 giant cockroaches (D:1)
  2 hobgoblins (D:1)
  A quokka (D:1)
  2 bats
  4 frilled lizards
  2 goblins (D:1)
  4 kobolds
22 creatures vanquished.

Notes
Turn   | Place    | Note
-------+----------+-------------------------------------------
     0 | D:1      | fireball365 the Hill Orc Fighter began the quest for the
                  | Orb.
     0 | D:1      | Reached XP level 1. HP: 19/19 MP: 1/1
   247 | D:1      | Got Sif Muna's Commentary on the Quantum Barrage
   328 | D:1      | Reached XP level 2. HP: 27/27 MP: 2/2
   558 | D:1      | Reached skill level 4 in Fighting
   759 | D:2      | Reached XP level 3. HP: 30/33 MP: 3/3
   766 | D:1      | Slain by a gnoll

Illustrated notes

Levels and vault maps discovered:
D:1:      nicolae_arrival_somewhat_less_tricky_arrival, layout_basic,
          minmay_crystal_room
D:2:      layout_rooms, minmay_tiny_reverse_x

Skill      XL: |  1  2 |
---------------+-------+-----
Axes           | 3 |  3.1
Fighting       | 4 |  4.1
Armour         | |  3.5
Shields        | |  3.6

Action                     || total
---------------------------++-------
  Melee: War axe           ||    72
    Use: Scroll            ||     3
 Armour: Scale mail        ||    52
  Dodge: Dodged            ||    41
  Block: Buckler           ||    27
